 Dungeon Crawl Stone Soup version 0.19.4 (webtiles) character file.

794 Minion the Grave Robber (level 7, 37/46 HPs)
             Began as a Mummy Necromancer on Feb 3, 2017.
             Was a Follower of Lugonu.
             Quit the game on level 5 of the Dungeon on Feb 4, 2017.
             The game lasted 00:32:50 (7960 turns).

Minion the Grave Robber (Mummy Necromancer)         Turns: 7960, Time: 00:32:50

Health: 37/46      AC:  4    Str: 11    XL:     7   Next: 58%
Magic:  14/14      EV: 12    Int: 16    God:    Lugonu [*.....]
Gold:   259        SH:  7    Dex: 17    Spells: 4 memorised, 6 levels left

rFire  x . .     SeeInvis .     i - +0 spear
rCold  + . .     Gourm    .     a - +1 robe
rNeg   + + +     Faith    .     e - +2 buckler
rPois  ∞         Spirit   .     g - +0 helmet
rElec  .         Reflect  .     (no cloak)
rCorr  .         Harm     .     (no gloves)
MR     .....                    (no boots)
Stlth  ++........               (no amulet)
                                l - +4 ring of dexterity
                                f - ring of wizardry

@: no status effects
A: no food or potions, fire vulnerability, cold resistance 1, negative energy
resistance 3, torment resistance, unbreathing
a: Depart the Abyss, Renounce Religion


You were on level 5 of the Dungeon.
You worshipped Lugonu.
Lugonu was aware of your devotion.
You were not hungry.

You visited 2 branches of the dungeon, and saw 7 of its levels.

You collected 259 gold pieces.

Inventory:

Hand Weapons
 i - a +0 spear (weapon)
Armour
 a - a +1 robe (worn)
 e - a +2 buckler (worn)
 g - a +0 helmet (worn)
Jewellery
 f - a ring of wizardry (left hand)
 l - a +4 ring of dexterity (right hand)
Wands
 k - a wand of lightning (7/15)
Scrolls
 c - 5 scrolls of identify
 d - a scroll of random uselessness
 h - 2 scrolls of teleportation
 m - a scroll of recharging
 n - a scroll of immolation {unknown}
Books
 b - a book of Necromancy

   Spells                             Type                      Level
   a - Pain                           Necromancy                   1
   b - Animate Skeleton               Necromancy                   1
   c - Vampiric Draining              Necromancy                   3
   d - Regeneration                   Charms/Necromancy            3
   e - Animate Dead                   Necromancy                   4
   f - Control Undead                 Necromancy                   4
 j - a book of Cantrips

   Spells                             Type                      Level
   a - Confusing Touch                Hexes                        1
   b - Animate Skeleton               Necromancy                   1
   c - Summon Small Mammal            Summoning                    1
   d - Apportation                    Translocation                1


   Skills:
 + Level 1.9 Dodging
 - Level 1.5 Stealth
 + Level 2.9 Shields
 + Level 5.1 Spellcasting
 + Level 6.6 Necromancy


You had 6 spell levels left.
You knew the following spells:

 Your Spells              Type           Power        Failure   Level  Hunger
a - Pain                  Necr           ####         1%          1    N/A
b - Animate Skeleton      Necr           N/A          1%          1    N/A
c - Animate Dead          Necr           N/A          6%          4    N/A
d - Control Undead        Necr           ####......   6%          4    N/A

Dungeon Overview and Level Annotations

Branches:
Dungeon (6/15)             Temple (1/1) D:6

Altars:
Ashenzari
Cheibriados
Dithmenos
Elyvilon
Fedhas
Gozag
Hepliaklqana
Kikubaaqudgha
Makhleb
Nemelex Xobeh
Okawaru
Sif Muna
Trog
Uskayaw
Vehumet
Xom
Yredelemnul
Zin
The Shining One
Lugonu

Annotations:
D:5 Grinder


Innate Abilities, Weirdness & Mutations

You do not eat or drink.
Your flesh is vulnerable to fire.
You are immune to poison.
Your flesh is cold resistant. (rC+)
You are immune to negative energy. (rN+++)
You are immune to unholy pain and torment.
You can survive without breathing.


Message History

You barely miss the crimson imp. You block the crimson imp's attack.
You closely miss the crimson imp. The crimson imp barely misses you.
You hit the crimson imp but do no damage.
You block the crimson imp's attack.
You closely miss the crimson imp. The crimson imp closely misses you.
You hit the crimson imp but do no damage.
The crimson imp hits you but does no damage.
The crimson imp misses you.
You barely miss the crimson imp. You block the crimson imp's attack.
You hit the crimson imp but do no damage.
The crimson imp hits you but does no damage.
You miss the crimson imp. The crimson imp barely misses you.
Level annotation: Grinder Welcome back, Minion the Mummy Necromancer.
Lugonu says: Spread carnage and corruption!
Press ? for a list of commands and other information.
You closely miss the crimson imp. The crimson imp completely misses you.
You hit the crimson imp but do no damage.
The crimson imp hits you but does no damage.
Are you sure you want to abandon this character and quit the game? (Confirm with "yes".)

#.# #.# #'#..
#.######## #.#
#####.###
#........# #.#
##........
########.#
#.###..#######
#.#
#.#_..###_._##
#.#
#.###..##...##
#.# #.#
##........ #.#
####...## #@#
##_## #.5...#
### #######


You could see a crimson imp.

Vanquished Creatures
  Edmund (D:5)
  Blork the orc (D:5)
  The ghost of Naow the Grave Robber, an amateur DENe (D:6)
  2 scorpions
  A howler monkey (D:5)
  A crimson imp (D:5)
  An orc wizard (D:6)
  A hound (D:5)
  A bullfrog skeleton (D:4)
  An iguana (D:5)
  A worker ant (D:6)
  7 adders
  2 oozes
  2 adder skeletons
  4 worms
  A dart slug (D:1)
  7 leopard geckos
  7 orcs
  7 bats
  5 giant cockroaches
  8 goblins
  8 hobgoblins
  6 jackals
  11 kobolds
  5 quokkas
  4 ball pythons
  6 frilled lizards
  A jackal zombie (D:5)
  A leopard gecko skeleton (D:4)
  A quokka zombie (D:6)
  10 rats
115 creatures vanquished.

Vanquished Creatures (collateral kills)
  A hound zombie (D:5)
  An adder (D:2)
  A worm (D:2)
  A leopard gecko (D:2)
  2 jackals
6 creatures vanquished.

Grand Total: 121 creatures vanquished

Notes
Turn   | Place    | Note
-------+----------+-------------------------------------------
     0 | D:1      | Minion the Mummy Necromancer began the quest for the Orb.
     0 | D:1      | Reached XP level 1. HP: 13/13 MP: 3/3
     2 | D:1      | Learned a level 1 spell: Animate Skeleton
   287 | D:1      | Reached XP level 2. HP: 19/19 MP: 0/5
  1053 | D:2      | Reached XP level 3. HP: 22/24 MP: 0/6
  1470 | D:2      | Found a shimmering altar of Xom.
  1796 | D:2      | Reached skill level 5 in Necromancy
  1800 | D:2      | Reached XP level 4. HP: 26/30 MP: 3/8
  2732 | D:3      | Found an opulent altar of Gozag.
  2931 | D:3      | Reached XP level 5. HP: 28/35 MP: 2/10
  3222 | D:3      | Found a glowing golden altar of the Shining One.
  3483 | D:3      | Noticed a moth of wrath
  3486 | D:3      | Found a bloodstained altar of Trog.
  3801 | D:4      | Found a basalt altar of Yredelemnul.
  3890 | D:4      | Learned a level 4 spell: Animate Dead
  4195 | D:4      | Found a shadowy altar of Dithmenos.
  4521 | D:4      | Learned a level 4 spell: Control Undead
  4599 | D:4      | Reached skill level 1 in Shields
  4879 | D:4      | Found a blossoming altar of Fedhas.
  5049 | D:5      | Entered Level 5 of the Dungeon
  5134 | D:5      | Reached XP level 6. HP: 41/41 MP: 8/12
  5257 | D:5      | Found an ancient bone altar of Kikubaaqudgha.
  5271 | D:5      | Noticed Blork the orc
  5294 | D:5      | Killed Blork the orc
  5332 | D:5      | Reached skill level 6 in Necromancy
  5508 | D:5      | Noticed Edmund
  5519 | D:5      | Killed Edmund
  5519 | D:5      | Reached XP level 7. HP: 25/46 MP: 3/14
  5650 | D:5      | Found a sparkling altar of Nemelex Xobeh.
  6120 | D:5      | Found a faded altar of an unknown god.
  6120 | D:5      | Found a white marble altar of Elyvilon.
  6125 | D:5      | Found a hazy altar of Hepliaklqana.
  6127 | D:5      | Found a faded altar of an unknown god.
  6129 | D:5      | Found a hide-covered altar of Uskayaw.
  6156 | D:5      | Found an iron altar of Okawaru.
  6218 | D:5      | Noticed Grinder
  6254 | D:5      | Found a snail-covered altar of Cheibriados.
  6403 | D:6      | Noticed a yak
  6421 | D:6      | Noticed a yak
  6427 | D:5      | Reached skill level 5 in Spellcasting
  6801 | D:6      | Found a staircase to the Ecumenical Temple.
  6810 | Temple   | Entered the Ecumenical Temple
  6830 | Temple   | Became a worshipper of Lugonu the Unformed
  6830 | Temple   | Reached * piety under Lugonu
  6889 | D:6      | Found a shattered altar of Ashenzari.
  6890 | D:6      | Noticed Naow's ghost (amateur DENe)
  7203 | D:6      | Killed Naow's ghost
  7960 | D:5      | Quit the game

Skill      XL: |  1  2  3  4  5  6  7 |
---------------+----------------------+-----
Necromancy     | 5 6 |  6.6
Spellcasting   | 3 4 5 |  5.1
Shields        | 1 2 |  2.9
Dodging        | |  1.9
Stealth        | |  1.5

Action                   |  1- 3 |  4- 6 |  7- 9 || total
-------------------------+-------+-------+-------++-------
Melee: Unarmed           |     4 |    26 |       ||    30
       Short sword       |       |    23 |       ||    23
       Spear             |       |    44 |   224 ||   268
 Cast: Pain              |    81 |   151 |    53 ||   285
       Animate Skeleton  |     8 |    12 |       ||    20
       Control Undead    |       |     3 |     5 ||     8
       Animate Dead      |       |     5 |     9 ||    14
Evoke: Wand              |       |     1 |       ||     1
  Use: Scroll            |       |     8 |     1 ||     9
Armor: Robe              |     5 |    31 |    33 ||    69
Dodge: Dodged            |    22 |    70 |   108 ||   200
Block: Buckler           |       |    24 |    46 ||    70
